AoeStats
← Asbachgott

Pilgrims

507805737Analyzed
2v2 RM · 13d ago on Sep 19, 2026· 90m 40s· 4 players
Game mode
Random Map
Map size
Medium (4 player)
Population
200
Speed
Normal
Resources
Standard
Victory
Conquest
Starting age
Dark Age
Ending age
Imperial Age
RankedLock teamsTeams togetherTeam positionsShared explorationLock speedFull tech treeHidden civsTurbo modeCheats
Victory
Defeat
🇺🇸 Berbers · United States
1411
+14
🇺🇸 Armenians · United States
1399
+15
🇩🇪 Spanish · Germany
1482
-18
🇩🇪 Persians · Germany
1273
-11
Asbachgott
5:58 Loom
8:08 Feudal Age
8:50 Double-Bit Axe
9:42 Town Watch
13:22 Wheelbarrow
13:45 Horse Collar
19:41 Scale Barding Armor
19:47 Forging
19:30 Fletching
22:12 Castle Age
20:56 Bloodlines
21:20 Gold Mining
22:57 Hand Cart
22:46 Husbandry
23:15 Chain Barding Armor
23:36 Bow Saw
24:10 Medium Warships
31:23 Heavy Plow
32:52 Stone Mining
33:38 Gold Shaft Mining
36:43 Imperial Age
34:50 Iron Casting
34:36 Devotion
34:16 Light Cavalry
35:32 Stone Shaft Mining
34:53 Bodkin Arrow
38:14 Two-Man Saw
37:45 Crop Rotation
37:53 Plate Barding Armor
36:46 Cavalier
38:51 Ballistics
38:27 Murder Holes
38:43 Masonry
39:22 Conscription
39:16 Citadels
39:44 Hoardings
39:31 Caravan
40:02 Coinage
41:09 Blast Furnace
40:14 Town Patrol
40:39 Hussar
42:13 Savar
45:09 Banking
44:50 Guilds
47:58 Padded Archer Armor
48:39 Kamandaran
48:48 Crossbowman
49:33 Thumb Ring
48:51 Elite Skirmisher
50:56 Chemistry
50:27 Architecture
55:03 Leather Archer Armor
58:15 Scale Mail Armor
58:46 Ring Archer Armor
71:29 Clinker Construction
71:30 Careening
71:27 Siphons
van jonsenheim
6:03 Loom
11:45 Feudal Age
15:30 Castle Age
22:43 Town Watch
31:59 Double-Bit Axe
34:13 Masonry
36:32 Horse Collar
38:55 Wheelbarrow
38:44 Bow Saw
39:25 Heavy Plow
39:17 Gold Mining
39:28 Fletching
39:39 Padded Archer Armor
43:53 Imperial Age
41:42 Scale Mail Armor
41:35 Fletching
41:45 Padded Archer Armor
42:06 Padded Archer Armor
41:32 Elite Skirmisher
42:53 Bodkin Arrow
43:13 Leather Archer Armor
43:40 Hand Cart
44:17 Ballistics
44:36 Bracer
45:06 Ring Archer Armor
46:00 Ring Archer Armor
47:32 Architecture
47:43 Thumb Ring
51:32 Chemistry
56:31 Conscription
55:41 Sappers
59:19 Light Cavalry
60:10 Bloodlines
60:00 Husbandry
60:36 Supremacy
60:52 Hoardings
61:20 Two-Man Saw
60:11 Stone Mining
60:13 Hussar
63:27 Scale Barding Armor
63:32 Forging
63:24 Town Patrol
63:55 Bombard Tower
66:13 Architecture
65:39 Murder Holes
66:19 Caravan
68:06 Chain Barding Armor
68:21 Iron Casting
Malarkey
8:26 Loom
10:41 Feudal Age
11:38 Double-Bit Axe
16:58 Castle Age
15:02 Gold Mining
18:55 Bloodlines
24:57 Fletching
26:32 Bodkin Arrow
43:37 Husbandry
44:42 Husbandry
51:13 Imperial Age
49:19 Wheelbarrow
50:18 Scale Barding Armor
49:58 Light Cavalry
51:41 Chain Barding Armor
51:32 Forging
52:18 Fishing Lines
52:56 Bracer
53:18 Kasbah
56:50 Caravan
57:38 Conscription
60:51 Plate Barding Armor
62:14 Iron Casting
61:21 Hussar
65:41 Ballistics
66:23 Chemistry
66:39 Blast Furnace
67:50 Heavy Camel Rider
70:24 Padded Archer Armor
77:34 Masonry
85:21 Gillnets
85:53 Leather Archer Armor
85:47 Siege Engineers
90:11 Elite Camel Archer
jube
8:13 Loom
10:21 Feudal Age
11:03 Double-Bit Axe
12:09 Fletching
13:03 Fishing Lines
19:15 Castle Age
18:36 Stone Mining
20:09 Bow Saw
20:03 Bodkin Arrow
20:21 Medium Warships
20:01 Gillnets
22:30 Ballistics
23:34 Gold Mining
24:27 Wheelbarrow
23:34 Horse Collar
24:25 Heavy Plow
26:39 Sanctity
26:32 Redemption
31:08 Imperial Age
29:09 Fervor
29:22 Padded Archer Armor
32:28 Bracer
34:05 Block Printing
35:43 Chemistry
35:34 Theocracy
35:29 Illumination
35:54 Conscription
37:16 Coinage
36:11 Elite Composite Bowman
37:10 Leather Archer Armor
37:27 Masonry
38:56 Gold Shaft Mining
39:17 Ring Archer Armor
39:40 Hoardings
39:15 Scale Mail Armor
39:28 Forging
40:35 Fereters
39:57 Pikeman
41:48 Chain Mail Armor
40:56 Halberdier
41:38 Squires
41:24 Arson
41:29 Town Watch
42:00 Hand Cart
42:28 Town Patrol
41:57 Man-at-Arms
42:23 Gambesons
43:01 Long Swordsman
44:16 Plate Mail Armor
44:22 Iron Casting
44:17 Cilician Fleet
45:22 Two-Handed Swordsman
45:51 Capped Ram
46:38 Champion
48:54 Siege Ram
50:57 Blast Furnace
58:20 Murder Holes
63:21 Caravan
63:52 Banking
Connection lost

Rejoining the realm…

Still unreachable

The connection could not be restored.

Session expired

The server has moved on; the page needs a fresh start.